 Dungeon Crawl Stone Soup version 0.31-a0-1338-gb567cfdca4 (webtiles) character file.

Game seed: 4444059155065293784

33070 runemasterragnar the Fighter (level 13, -2/100 (103) HPs)
             Began as a Demonspawn Alchemist on Dec 22, 2023.
             Was the Champion of Cheibriados.
             Killed from afar by an orc sorcerer (18 damage)
             ... with a bolt of negative energy
             ... on level 1 of the Orcish Mines.
             The game lasted 00:44:36 (16985 turns).

runemasterragnar the Fighter (DsAl)                Turns: 16985, Time: 00:44:36

HP:   -2/100 (103)  AC: 20    Str: 24    XL:     13   Next: 34%
MP:   16/26         EV: 12    Int: 35    God:    Cheibriados [******]
Gold: 880           SH:  4    Dex: 35    Spells: 15/31 levels left

rFire   + . .        R - +5 scimitar (freeze)
rCold   . . .        (no shield)
rNeg    . . .        V - +2 ring mail {rF+}
rPois   +            (helmet unavailable)
rElec   .            J - +0 cloak {Stlth+}
rCorr   .            l - +0 pair of gloves
SInv    +            k - +1 pair of boots
Will    .....        p - amulet of the acrobat
Stlth   +++          A - ring of poison resistance
HPRegen 0.36/turn    g - +6 ring of dexterity
MPRegen 0.20/turn

%: acrobat
@: lightly drained, invisible, very slow
A: antennae 3, thin metallic scales 2, icemail 1, spiny 1, condensation shield
a: Renounce Religion, Bend Time, Temporal Distortion, Slouch, Step From Time


You were on level 1 of the Orcish Mines.
You worshipped Cheibriados.
Cheibriados was exalted by your worship.
You visited 2 branches of the dungeon, and saw 15 of its levels.
You also visited: Volcano.

You collected 940 gold pieces.
You spent 60 gold pieces at shops.

Inventory:

Hand Weapons
 e - a +1 antimagic dagger
 q - a +4 scimitar of protection
 B - a +2 dagger of venom
 M - a +1 scimitar of flaming
 R - a +5 scimitar of freezing (weapon)
Armour
 k - a +1 pair of boots (worn)
 l - a +0 pair of gloves (worn)
 J - a +0 cloak of stealth (worn)
 K - a +1 hat of stealth
 T - a +3 leather armour
 V - a +2 ring mail of fire resistance (worn)
Magical Staves
 h - a staff of earth
Jewellery
 g - a +6 ring of dexterity (right hand)
 j - a ring of wizardry
 p - an amulet of the acrobat (around neck)
 A - a ring of poison resistance (left hand)
 D - the ring of the Jolly Defenders {rPois rC- Will+}
   (You found it on level 5 of the Dungeon)

   [ring of willpower]

   rC-:       It makes you vulnerable to cold.
   rPois:     It protects you from poison Will+: It increases your willpower.
 E - a +4 ring of protection
 L - a ring of positive energy
 S - a ring of wizardry
Talismans
 n - a dragon-blood talisman
Wands
 s - a wand of mindburst (4)
 t - a wand of digging (5)
 w - a wand of quicksilver (11)
 F - a wand of flame (23)
 G - a wand of roots (2)
 N - a wand of polymorph (3)
Scrolls
 b - 4 scrolls of blinking
 c - 2 scrolls of immolation {unknown}
 f - 2 scrolls of poison
 i - 2 scrolls of fear
 o - 3 scrolls of amnesia
 y - 5 scrolls of teleportation
 H - a scroll of summoning
 I - 2 scrolls of enchant armour
 O - a scroll of fog
 P - a scroll of silence
 Q - a scroll of torment
 U - a scroll of revelation
Potions
 a - a potion of ambrosia
 d - 3 potions of curing
 m - a potion of magic
 r - 3 potions of cancellation {unknown}
 u - 2 potions of might
 x - 2 potions of mutation {unknown}
 z - 5 potions of brilliance
 C - 2 potions of lignification


   Skills:
 + Level 9.9 Fighting
 * Level 9.1 Long Blades
 - Level 6.1 Armour
 - Level 1.7 Dodging
 - Level 1.7 Stealth
 + Level 9.5 Spellcasting
 - Level 2.5 Conjurations
 + Level 7.9 Fire Magic
 - Level 1.5 Air Magic
 + Level 4.3 Earth Magic
 - Level 8.1 Alchemy
 - Level 7.4 Invocations


You had 15 spell levels left.
You knew the following spells:

 Your Spells              Type           Power      Damage    Failure   Level
a - Sting                 Conj/Alch      100%       1d9       1%          1
b - Mercury Vapours       Alch/Air       100%       N/A       1%          2
c - Mephitic Cloud        Conj/Alch/Air  45%        N/A       2%          3
d - Blink                 Tloc           32%        N/A       6%          2
e - Sticky Flame          Fire/Alch      64%        2d11      1%          4
f - Flame Wave            Conj/Fire      52%        2d13      4%          4

Your spell library contained the following spells:

 Spells                   Type           Power      Damage    Failure   Level
 Magic Dart               Conj           100%       1d8       1%          1
 Cigotuvi's Dreadful Rot  Necr/Alch/Air  78%        N/A       1%          2
 Olgreb's Toxic Radiance  Alch           65%        N/A       1%          4
 Inner Flame              Hex/Fire       44%        N/A       2%          3
 Volatile Blastmotes      Fire/Tloc      88%        2d17      2%          3
 Momentum Strike          Conj/Tloc      50%        3d9       3%          2
 Call Imp                 Summ           32%        N/A       6%          2
 Lesser Beckoning         Tloc           32%        N/A       6%          2
 Dazzling Flash           Conj/Hex       50%        N/A       7%          3
 Fugue of the Fallen      Necr           16%        N/A       12%         3
 Ozocubu's Armour         Ice            16%        N/A       12%         3
 Dispel Undead            Necr           16%        3d10      36%         4
 Manifold Assault         Tloc           16%        N/A       36%         4
 Starburst                Conj/Fire      26%        6d8       56%         6
 Silence                  Hex/Air        11%        N/A       61%         5
 Agony                    Necr           16%        N/A       71%         5
 Death Channel            Necr           8%         N/A       99%         6
 Maxwell's Capacitive Co  Air            13%        ∞         100%        8


Dungeon Overview and Level Annotations

Branches:
Dungeon (13/15)            Temple (0/1) D:7            Lair (0/5) D:8
    Orc (2/2) D:9             Elf (0/3) Orc:2        Vaults (0/5) D:13
Volcano (visited)

Altars:
Cheibriados
Gozag
Makhleb
Nemelex Xobeh
Qazlal
Ru
Sif Muna
Trog
Wu Jian
Xom

Shops:
D:2 *=(   D:4 [   D:6 (   D:7 ?   D:10 *   D:13 [

Annotations:
D:7 2 transporters


Innate Abilities, Weirdness & Mutations

You have a pair of large antennae on your head. (SInv)
You are mostly covered in thin metallic scales. (AC +3)
A meltable icy envelope protects you from harm. (AC +4)
You are partially covered in sharp spines.
A meltable shield of frost defends you. (SH +4)


Message History

The orc knight roars a battlecry!
Things that are here:
a +0 chain mail; a +0 trident The orc knight cheers noisily.
The orc knight unwields a +3 dire flail of protection.
The orc knight wields a +0 arbalest.
The orc knight shoots a bolt.
The bolt barely misses you.
The orc no longer looks unusually strong.
The orc knight no longer looks unusually strong.
The orc priest invokes the aid of Beogh against you.
Beogh smites you!
The orc priest no longer looks unusually strong.
The orc priest calls down the wrath of Beogh upon you.
Beogh smites you!
* * * LOW HITPOINT WARNING * * *
The orc knight shoots a bolt.
The bolt closely misses you.
There is a stone staircase leading up here.
The orc priest invokes the aid of Beogh against you.
Beogh smites you!
* * * LOW HITPOINT WARNING * * *
You climb upwards.
The orc sorcerer shouts!
An orc comes into view. It is wielding a +0 war axe.
There is a stone staircase leading down here.
You fade into invisibility!
The orc sorcerer mumbles some strange words.
The orc warrior shoots a bolt.
The bolt hits you but does no damage.
You are confused.
You feel invigorated.
The orc priest is struck by your spines.
The orc priest misses you.
The orc warrior shoots a bolt.
The bolt hits you!
* * * LOW HITPOINT WARNING * * *
You hear a shout!
Unknown command.
You feel better.
You feel less invigorated.
The orc priest is struck by your spines.
The orc priest hits you but does no damage.
The orc sorcerer casts a spell at you. The bolt of negative energy hits you!!
You feel drained.
You die...

#..... ..o...#
## #o.... ###.
##.....#.#.
..........#
..........# ##.
.........#.....
......o@.......
...........#...
#..#...........
# ..........o..
.............4.
...............
...#...........
..###.......#.#


You could see an orc sorcerer, a chaos spawn (summoned, wandering, unable to see
you), an orc warrior (unable to see you), an orc priest (unable to see you) and
an orc (unable to see you).

Vanquished Creatures
  Jorgrun (D:13)
  Gastronok (D:8)
  2 orc warlords (Orc:2)
  2 hydras
  2 boulder beetles (D:11)
  4 two-headed ogres
  Erica (D:8)
  3 orc high priests (Orc:2)
  A sun demon (Volcano)
  Nergalle (D:12)
  3 skeletal warriors (D:12)
  3 orc sorcerers
  2 orc knights (Orc:2)
  Maurice (D:8)
  An ugly thing (D:12)
  2 cyclopes (D:13)
  2 kobold blastminers (Orc:2)
  A gargoyle (D:11)
  Jeremiah (D:9)
  A komodo dragon (D:12)
  A kobold demonologist (D:12)
  A red devil (Volcano)
  5 trolls
  4 slime creatures (D:12)
  2 shadows (D:12)
  4 wyverns
  2 vampires
  A yak (D:10)
  4 wraiths
  4 wargs
  A steam dragon (D:5)
  6 vampire mosquitoes
  2 acid dragons
  4 water moccasins
  6 hell hounds
  3 black bears
  29 orc warriors
  A sky beast (D:8)
  4 wolves
  2 ogres
  3 centaurs
  A phantom (D:4)
  5 kobold brigands
  4 bullfrogs
  2 gnoll sergeants
  3 scorpions
  11 wights
  5 electric eels (D:8)
  3 howler monkeys
  6 crimson imps (D:7)
  3 hounds
  A jelly (D:3)
  15 orc priests
  2 sleepcaps
  7 iguanas
  24 orc wizards
  10 gnolls
  8 adders
  4 shadow imps
  3 white imps
  A bombardier beetle (D:4)
  6 ufetubi
  A worm (D:3)
  3 dart slugs
  75 orcs
  6 ball pythons
  6 bats
  13 endoplasms
  6 giant cockroaches
  9 goblins
  7 hobgoblins
  12 jackals
  12 kobolds
  4 quokkas
  7 frilled lizards
  4 rats
413 creatures vanquished.

Vanquished Creatures (others)
  A boulder beetle (D:10)
  A kobold brigand (D:10)
  A gnoll sergeant (D:10)
  An orc wizard (D:5)
4 creatures vanquished.

Grand Total: 417 creatures vanquished

Notes
Turn   | Place    | Note
-------+----------+-------------------------------------------
     0 | D:1      | runemasterragnar the Demonspawn Alchemist began the quest
                  | for the Orb.
     0 | D:1      | Reached XP level 1. HP: 13/13 MP: 3/3
   150 | D:1      | Gained mutation: You are partially covered in sharp spines.
                  | [demonic ancestry]
   150 | D:1      | Reached XP level 2. HP: 5/19 MP: 0/5
   272 | D:1      | Learned a level 2 spell: Mercury Vapours
   522 | D:1      | You fall into a shaft and drop 1 floor!
   539 | D:2      | Gained mutation: You are partially covered in thin metallic
                  | scales. (AC +2) [demonic ancestry]
   539 | D:2      | Reached XP level 3. HP: 20/24 MP: 3/6
   543 | D:2      | Learned a level 3 spell: Mephitic Cloud
   567 | D:2      | Found a snail-covered altar of Cheibriados.
   583 | D:2      | Became a worshipper of Cheibriados the Contemplative
   615 | D:2      | Found a faded altar of an unknown god.
   627 | D:2      | Found Qumevyd's Jewellery Shoppe.
   657 | D:2      | Found Agazxeka's Weapon Shop.
   876 | D:2      | Reached * piety under Cheibriados
   991 | D:2      | Found Tecwowk's Assorted Antiques.
  1336 | D:2      | Reached XP level 4. HP: 31/31 MP: 7/7
  1502 | D:3      | Reached skill level 1 in Fighting
  1788 | D:3      | Reached ** piety under Cheibriados
  1830 | D:3      | Reached skill level 1 in Air Magic
  2027 | D:3      | Gained mutation: You are mostly covered in thin metallic
                  | scales. (AC +3) [demonic ancestry]
  2027 | D:3      | Reached XP level 5. HP: 20/37 MP: 9/9
  2731 | D:1      | Reached skill level 1 in Invocations
  3386 | D:4      | Noticed a phantom
  3396 | D:4      | Killed a phantom
  3446 | D:4      | Reached XP level 6. HP: 28/44 MP: 8/10
  3518 | D:4      | Found Bozax's Armour Shoppe.
  3703 | D:4      | Reached *** piety under Cheibriados
  4213 | D:5      | Entered Level 5 of the Dungeon
  4256 | D:5      | Reached skill level 1 in Armour
  4348 | D:5      | Noticed a steam dragon
  4357 | D:5      | Killed a steam dragon
  4358 | D:5      | Reached skill level 5 in Alchemy
  4358 | D:5      | Gained mutation: A meltable shield of frost defends you.
                  | (SH +4) [demonic ancestry]
  4358 | D:5      | Reached XP level 7. HP: 20/51 MP: 8/12
  4785 | D:5      | Identified the ring of the Jolly Defenders {rPois rC-
                  | Will+}
  4973 | D:5      | Reached **** piety under Cheibriados
  5202 | D:5      | Found a sparkling altar of Nemelex Xobeh.
  5202 | D:5      | Found an opulent altar of Gozag.
  5210 | D:5      | Gained mutation: You have a pair of small antennae on your
                  | head. [demonic ancestry]
  5210 | D:5      | Reached XP level 8. HP: 58/58 MP: 14/14
  6017 | D:6      | Reached skill level 5 in Invocations
  6022 | D:6      | Learned a level 2 spell: Blink
  6027 | D:6      | Learned a level 4 spell: Sticky Flame
  6216 | D:6      | Found Winuro's Antique Weapon Shop.
  6315 | D:6      | Reached skill level 5 in Spellcasting
  6984 | D:7      | Found a staircase to the Ecumenical Temple.
  7081 | D:7      | Found Raihath's Magic Scroll Shop.
  7086 | D:7      | Bought a scroll of identify for 20 gold pieces
  7086 | D:7      | Bought a scroll of identify for 20 gold pieces
  7086 | D:7      | Bought a scroll of identify for 20 gold pieces
  7223 | D:7      | Found a transporter.
  7384 | D:7      | Reached XP level 9. HP: 59/66 MP: 12/16
  7417 | D:7      | Found a shimmering blue altar of Sif Muna.
  7418 | D:7      | Found an ornate altar of the Wu Jian Council.
  7419 | D:7      | Found a burning altar of Makhleb.
  7657 | D:7      | Found a transporter.
  7907 | D:7      | Reached skill level 5 in Fighting
  8007 | D:8      | Found a stormy altar of Qazlal.
  8054 | D:8      | Reached ***** piety under Cheibriados
  8332 | D:8      | Noticed Maurice
  8339 | D:8      | Killed Maurice
  8340 | D:8      | Reached skill level 5 in Armour
  8340 | D:8      | Reached skill level 1 in Fire Magic
  8394 | D:8      | Found a staircase to the Lair.
  8408 | D:8      | Gained mutation: You have a pair of antennae on your head.
                  | [demonic ancestry]
  8408 | D:8      | Reached XP level 10. HP: 70/76 MP: 9/19
  8468 | D:8      | Noticed Gastronok
  8488 | D:8      | Killed Gastronok
  8753 | D:8      | Noticed Erica
  8762 | D:8      | Killed Erica
  9520 | D:9      | Found a staircase to the Orcish Mines.
 10112 | D:9      | Noticed Jeremiah
 10119 | D:9      | Killed Jeremiah
 10120 | D:9      | Reached skill level 1 in Long Blades
 10226 | D:10     | Entered Level 10 of the Dungeon
 10340 | D:10     | Gained mutation: A meltable icy envelope protects you from
                  | harm. (AC +4) [demonic ancestry]
 10340 | D:10     | Reached XP level 11. HP: 84/84 MP: 15/21
 10407 | D:10     | Found a shimmering altar of Xom.
 10407 | D:10     | Noticed a boulder beetle
 10418 | D:10     | Killed a boulder beetle
 10419 | D:10     | Reached skill level 5 in Fire Magic
 10620 | D:10     | Found a sacrificial altar of Ru.
 10646 | D:10     | Learned a level 4 spell: Flame Wave
 10822 | D:10     | Found Nuisup's Assorted Antiques.
 11069 | D:11     | Noticed a two-headed ogre
 11076 | D:11     | Killed a two-headed ogre
 11373 | D:11     | Noticed a two-headed ogre
 11382 | D:11     | Killed a two-headed ogre
 11484 | D:11     | Found a bloodstained altar of Trog.
 11606 | D:11     | Noticed a boulder beetle
 11613 | D:11     | Killed a boulder beetle
 11700 | D:11     | Reached ****** piety under Cheibriados
 11772 | D:11     | Noticed a boulder beetle
 11781 | D:11     | Killed a boulder beetle
 11849 | D:11     | Reached skill level 5 in Long Blades
 12285 | D:12     | Noticed Nergalle
 12300 | D:12     | Killed Nergalle
 12446 | D:12     | Noticed a two-headed ogre
 12466 | D:12     | Killed a two-headed ogre
 12640 | D:12     | Noticed a two-headed ogre
 12644 | D:12     | Killed a two-headed ogre
 12697 | D:12     | Gained mutation: You have a pair of large antennae on your
                  | head. (SInv) [demonic ancestry]
 12697 | D:12     | Reached XP level 12. HP: 94/94 MP: 17/24
 13137 | D:12     | Reached skill level 1 in Earth Magic
 13925 | D:13     | Noticed a four-headed hydra
 13934 | D:13     | Noticed Jorgrun
 13935 | D:13     | Killed a two-headed hydra
 13951 | D:13     | Killed Jorgrun
 14201 | D:13     | Found Iheajiud's Antique Armour Shoppe.
 14254 | D:13     | Noticed a centaur warrior
 14300 | D:13     | Found a gate to the Vaults.
 14300 | D:13     | Noticed a vault guard
 14300 | D:13     | Noticed a four-headed hydra
 14300 | D:13     | Noticed a vault guard
 14300 | D:13     | Noticed a vault guard
 14300 | D:13     | Noticed a vault guard
 14300 | D:13     | Noticed a tengu warrior
 14368 | D:12     | Killed a one-headed hydra
 14655 | Orc:1    | Entered Level 1 of the Orcish Mines
 14883 | Orc:2    | Entered Level 2 of the Orcish Mines
 15160 | Orc:2    | Noticed an orc warlord
 15207 | Orc:2    | Killed an orc warlord
 15229 | Orc:2    | Found a dark tunnel.
 15238 | Volcano  | Entered a volcano
 15574 | Volcano  | Reached XP level 13. HP: 86/101 MP: 24/26
 16044 | Volcano  | Paralysed by an orc sorcerer for 2 turns
 16323 | Orc:2    | Found a staircase to the Elven Halls.
 16440 | Orc:2    | Found a burning altar of Makhleb.
 16666 | Orc:2    | Noticed an orc warlord
 16680 | Orc:2    | Killed an orc warlord
 16984 | Orc:1    | HP: 5/103 [orc warrior/bolt (13)]
 16985 | Orc:1    | Killed from afar by an orc sorcerer

Illustrated notes

Levels and vault maps discovered:
D:1:      dpeg_cavernosity, layout_basic, serial_forest,
          infiniplex_forest_zigzag_1, infiniplex_forest_lined_2,
          infiniplex_forest_end_3, infiniplex_forest_clump_small,
          infiniplex_forest_clump_C, infiniplex_forest_side_room,
          minmay_bisected
D:2:      layout_basic, basic_altar, serial_shops, shop,
          nicolae_shop_real_fake_doors, nicolae_shop_bloodbath_and_beyond,
          chequers_ecumenical_altar_simple_redux, kennysheep_decorative_pillar,
          minivault_27
D:3:      layout_basic, kennysheep_generic_room_4
D:4:      layout_basic, serial_shops, nicolae_shop_advertising_works
          [nicolae_subvault_shop_adworks]
D:5:      layout_basic, grunt_temple_overflow_opulence, minmay_misc_feat_five,
          amcnicky_mini_pool_small, minivault_27, guppyfry_early_lair_pool
D:6:      layout_loops_corners, serial_shops, nicolae_shop_tiny_waterfront
D:7:      gammafunk_cloud_chamber, layout_loops_corners, minitemple,
          minmay_temple_entry_glass, serial_shops, kennysheep_little_box,
          minmay_nine_imps
D:8:      layout_rooms, mainiacjoe_overflow_boulevard, minmay_lair_entry_grove,
          serial_bayou_lake_a, uniq_gastronok, uniq_erica, uniq_maurice
D:9:      layout_gridville, minmay_orc_entry_guard_dogs,
          kennysheep_generic_room_3, uniq_jeremiah
D:10:     layout_roguey, xom_confusion_cloud, lemuel_round_altar, serial_shops,
          nicolae_shop_tiny_glass, hangedman_abyss_or_decor_stagger
D:11:     layout_long_grid, grunt_ministairs_11, trog_butcher_becter
D:12:     layout_loops_corners, minmay_unpleasant_kobolds, uniq_nergalle
D:13:     kennysheep_treasure_stockpile, layout_basic,
          lightli_vaults_fourway_checkpoint, serial_shops,
          nicolae_shop_window_shopping, uniq_jorgrun
Orc:1:    layout_caves, nicolae_orc_damp_corner
Orc:2:    st_orc_congregation, layout_diamond_mine, enter_volcano_3, basic_altar

Skill      XL: |  1  2  3  4  5  6  7  8  9 10 11 12 13 |
---------------+----------------------------------------+-----
Fighting       | 1 2 3 4 6 7 8 9 |  9.9
Conjurations   | 2 |  2.5
Alchemy        | 4 5 6 7 8 |  8.1
Air Magic      | 1 |  1.5
Invocations    | 1 3 4 5 7 |  7.4
Spellcasting   | 3 4 5 6 7 8 9 |  9.5
Armour         | 1 2 3 5 6 |  6.1
Fire Magic     | 1 4 6 7 |  7.9
Long Blades    | 1 6 8 9 |  9.1
Earth Magic    | 3 4 |  4.3
Dodging        | |  1.7
Stealth        | |  1.7

Action                     |  1- 3 |  4- 6 |  7- 9 | 10-12 | 13-15 || total
---------------------------+-------+-------+-------+-------+-------++-------
  Melee: Dagger            |   111 |       |       |       |       ||   111
         Scimitar          |       |   112 |   182 |   226 |   102 ||   622
         Punch             |       |     1 |     3 |     8 |     1 ||    13
   Cast: Sting             |    23 |     3 |    18 |    23 |       ||    67
         Mercury Vapours   |       |     7 |    27 |    87 |     7 ||   128
         Sticky Flame      |       |       |     1 |    35 |     7 ||    43
         Blink             |       |       |     1 |     3 |     1 ||     5
         Mephitic Cloud    |       |       |       |    28 |     5 ||    33
         Flame Wave        |       |       |       |     5 |     1 ||     6
 Invoke: Slouch            |       |       |     2 |     2 |     3 ||     7
  Evoke: Wand              |       |       |     1 |    12 |       ||    13
    Use: Potion            |     1 |       |     1 |     2 |     3 ||     7
         Scroll            |       |    14 |     5 |     6 |     1 ||    26
   Stab: Sleeping          |     2 |     8 |     3 |     7 |       ||    20
         Distracted        |       |     1 |       |       |       ||     1
         Confused          |       |       |       |     9 |     6 ||    15
 Armour: Robe              |    54 |    34 |       |       |       ||    88
         Ring mail         |       |    43 |   213 |    44 |    60 ||   360
         Leather armour    |       |       |       |   161 |    12 ||   173
  Dodge: Dodged            |    70 |    66 |   149 |   226 |    72 ||   583
  Block: Other             |       |       |    51 |    65 |    24 ||   140

Table legend: (Time is in decaauts)
 A = Elapsed time spent in this place.
 B = Non-inter-level travel time spent in this place.
 C = Inter-level travel time spent in this place.
 D = Time resting spent in this place.
 E = Time spent auto-exploring this place.
 F = Levels seen in this place.
 G = Mean time per level.
                   A        B        C        D        E       F      G
               +--------+--------+--------+--------+--------+-----+--------+
         Total |  24531 |  23332 |   1199 |   2377 |  16727 |  16 | 1533.2 |
       Dungeon |  21394 |  20195 |   1199 |   1300 |  15669 |  13 | 1645.7 |
  Orcish Mines |   2159 |   2159 |      0 |    428 |    948 |   2 | 1079.5 |
       Volcano |    977 |    977 |      0 |    649 |    110 |   1 |  977.0 |
               +--------+--------+--------+--------+--------+-----+--------+

Top non-repeatable levels by time:
    D:12: 2544 daAuts
     D:6: 2135 daAuts
     D:7: 1886 daAuts
     D:1: 1885 daAuts
     D:5: 1854 daAuts
    D:11: 1787 daAuts
     D:8: 1583 daAuts
   Orc:2: 1574 daAuts
    D:10: 1540 daAuts
     D:9: 1462 daAuts
     D:3: 1290 daAuts
     D:2: 1277 daAuts
     D:4: 1226 daAuts
 Volcano: 977 daAuts
    D:13: 921 daAuts
